[ AOE2 MATCH · #506158702 ]
UnrankedHuns vs Poles
Player's team · LOSS
Rival team · WIN
[ REPLAY ANALYSIS · EXTRACTED FROM THE RECORDED GAME ]
Feudal
10:40
Castle
—
Imperial
—
| APM avg | 68.0 |
| APM peak | 117 |
| eAPM avg | 22.7 |
| Villagers / military | 27 / 9 |
Focus
⚔️ 26.1% · 🌾 73.9%
Archer ×5 · Militia ×3 · Skirmisher ×1
Feudal
10:11
Castle
—
Imperial
—
| APM avg | 26.4 |
| APM peak | 44 |
| eAPM avg | 12.3 |
| Villagers / military | 36 / 4 |
Focus
⚔️ 22.6% · 🌾 77.4%
Militia ×4
Match map
Initial resources + every placement click. Lines = walls · curves = elevation contours. ◆ gold · ⬟ stone · ● berries · ✦ relic · ◌ wall gap
Your base· Open — unwalled flank
Beachboyboss's base· Open — unwalled flank
Smoothed initial terrain · ◌ = detected wall gap · hover for details
Inputs per minute
— Pedro - - Beachboyboss
Build order — Pedro
50 actions detected in the replay
| 0:00 | Queue | Villager (Male) |
| 0:00 | Queue | Villager (Male) |
| 0:07 | Queue | Villager (Male) |
| 0:16 | Queue | Villager (Male) |
| 1:23 | Queue | Villager (Male) |
| 1:48 | Queue | Villager (Male) |
| 1:54 | Build | Lumber Camp |
| 2:07 | Queue | Villager (Male) |
| 2:33 | Queue | Villager (Male) |
| 2:54 | Queue | Villager (Male) |
| 3:30 | Queue | Villager (Male) |
| 4:12 | Queue | Villager (Male) |
| 4:28 | Queue | Villager (Male) |
| 4:46 | Queue | Villager (Male) |
| 5:23 | Queue | Villager (Male) |
| 5:29 | Build | Barracks |
| 5:38 | Queue | Villager (Male) |
| 5:52 | Queue | Villager (Male) |
| 6:20 | Queue | Militia |
| 6:20 | Queue | Militia |
| 6:23 | Queue | Villager (Male) |
| 6:34 | Build | Mill |
| 6:41 | Queue | Villager (Male) |
| 7:00 | Queue | Militia |
| 7:01 | Queue | Villager (Male) |
| 7:41 | Research | Loom |
| 8:30 | Research | Feudal Age |
| 8:30 | Research | Feudal Age |
| 8:36 | Build | Lumber Camp |
| 9:04 | Build | Mining Camp |
| 9:44 | Queue | Villager (Male) |
| 10:09 | Queue | Villager (Male) |
| 10:20 | Queue | Villager (Male) |
| 10:40 | Age | Feudal Age |
| 10:42 | Build | Palisade Wall |
| 10:44 | Build | Archery Range |
| 10:50 | Queue | Villager (Male) |
| 11:01 | Queue | Villager (Male) |
| 11:06 | Build | Archery Range |
| 11:06 | Queue | Villager (Male) |
| 11:24 | Queue | Archer |
| 11:24 | Queue | Archer |
| 11:25 | Queue | Archer |
| 11:34 | Research | Double-Bit Axe |
| 11:49 | Queue | Villager (Male) |
| 11:56 | Queue | Archer |
| 11:56 | Queue | Archer |
| 12:04 | Build | Farm |
| 12:12 | Queue | Skirmisher |
| 12:12 | Queue | Villager (Male) |
Build order — Beachboyboss
61 actions detected in the replay
| 0:01 | Queue | Villager (Male) |
| 0:01 | Queue | Villager (Male) |
| 0:01 | Queue | Villager (Male) |
| 0:03 | Build | House |
| 0:04 | Build | House |
| 0:16 | Queue | Villager (Male) |
| 0:16 | Queue | Villager (Male) |
| 0:17 | Queue | Villager (Male) |
| 1:28 | Queue | Villager (Male) |
| 1:28 | Queue | Villager (Male) |
| 2:00 | Queue | Villager (Male) |
| 2:00 | Queue | Villager (Male) |
| 2:31 | Build | Lumber Camp |
| 2:32 | Queue | Villager (Male) |
| 2:33 | Queue | Villager (Male) |
| 2:46 | Queue | Villager (Male) |
| 2:47 | Queue | Villager (Male) |
| 3:25 | Queue | Villager (Male) |
| 3:26 | Queue | Villager (Male) |
| 3:36 | Queue | Villager (Male) |
| 3:36 | Queue | Villager (Male) |
| 3:43 | Queue | Villager (Male) |
| 3:43 | Queue | Villager (Male) |
| 4:02 | Build | House |
| 4:14 | Queue | Villager (Male) |
| 4:15 | Queue | Villager (Male) |
| 4:15 | Queue | Villager (Male) |
| 4:37 | Build | House |
| 4:58 | Build | Palisade Wall |
| 5:19 | Queue | Villager (Male) |
| 5:19 | Queue | Villager (Male) |
| 5:20 | Queue | Villager (Male) |
| 5:20 | Queue | Villager (Male) |
| 5:39 | Build | Mill |
| 6:55 | Queue | Villager (Male) |
| 6:58 | Research | Loom |
| 7:43 | Build | Barracks |
| 8:01 | Research | Feudal Age |
| 8:02 | Research | Feudal Age |
| 8:17 | Queue | Militia |
| 8:17 | Queue | Militia |
| 8:17 | Queue | Militia |
| 8:37 | Queue | Militia |
| 9:24 | Queue | Villager (Male) |
| 9:44 | Build | Mining Camp |
| 10:11 | Age | Feudal Age |
| 10:14 | Queue | Villager (Male) |
| 10:39 | Research | Man-at-Arms (upgrade) |
| 10:50 | Queue | Villager (Male) |
| 10:50 | Queue | Villager (Male) |
| 10:57 | Build | Farm |
| 11:02 | Build | Farm |
| 11:03 | Build | Farm |
| 11:06 | Build | Farm |
| 11:14 | Build | Farm |
| 11:15 | Build | Farm |
| 11:16 | Build | Farm |
| 11:51 | Queue | Villager (Male) |
| 11:51 | Queue | Villager (Male) |
| 12:11 | Queue | Villager (Male) |
| 12:11 | Queue | Villager (Male) |
Match timeline
| 4:58 | Beachboyboss · wall_segment Palisade Wall x5 |
| 5:29 | Pedro · first_building Barracks |
| 7:43 | Beachboyboss · first_building Barracks |
| 10:11 | Beachboyboss · age_up feudal |
| 10:40 | Pedro · age_up feudal |
| 10:42 | Pedro · wall_segment Palisade Wall x1 |
| 10:44 | Pedro · first_building Archery Range |
| 12:16 | Pedro · resign |
[ AI ANALYSIS · 1 CREDIT ]
What really happened in this match?
Wolo.gg analyzes every decision: build order, eco, micro, common mistakes by bracket. Personalized analysis on WhatsApp or Discord in 30 seconds.
Civ guide
Huns
Perfil
Jugador #339375